 Dungeon Crawl Stone Soup version 0.26-a0-639-g72c4674329 (webtiles) character file.

Game seed: 15770506410555416093

(classic levelgen) 198775 EnegeticOcto the Severer (level 17, 0/174 HPs)
             Began as a Deep Dwarf Fighter on Sept 28, 2020.
             Was a High Priest of Makhleb.
             Killed from afar by a shock serpent (glowing shapeshifter) (2 damage)
             ... with a bolt of electricity
             ... on level 4 of the Depths.
             The game lasted 00:14:35 (14904 turns).

EnegeticOcto the Severer (Deep Dwarf Fighter)      Turns: 14904, Time: 00:14:35

Health: 0/174      AC: 29    Str: 25    XL:     17   Next: 38%
Magic:  0/1        EV: 11    Int:  9    God:    Makhleb [*****.]
Gold:   585        SH: 15    Dex: 12    Spells: 16/16 levels left

rFire    + + .     SeeInvis .   a - +4 broad axe (vorpal)
rCold    . . .     Faith    .   c - +1 kite shield
rNeg     + . .     Spirit   .   y - +2 plate armour {rPois}
rPois    +         Reflect  .   D - +2 helmet
rElec    .         Harm     .   (no cloak)
rCorr    +         Rampage  .   G - +2 pair of gloves
MR       ++...                  B - +2 pair of boots {Fly}
Stlth    ..........             (no amulet)
HPRegen  0.00/turn              m - ring of resist corrosion
MPRegen  0.07/turn              H - ring of Hocic {rF++ EV+4 Int-2, =R}

@: lethally poisoned (0 -> 0), flying, non-regenerating
A: damage resistance, heal wounds, negative energy resistance 1, sense
surroundings 2, no regeneration
}: 2/15 runes: decaying, gossamer
a: Heal Wounds, Minor Destruction, Lesser Servant of Makhleb, Major Destruction,
Greater Servant of Makhleb, Renounce Religion, Stop Flying


You were on level 4 of the Depths.
You worshipped Makhleb.
Makhleb was extremely pleased with you.
You visited 7 branches of the dungeon, and saw 34 of its levels.
You also visited: Ossuary and Ice Cave.

You collected 1895 gold pieces.
You spent 1310 gold pieces at shops.

Inventory:

Hand Weapons
 a - a +4 vorpal broad axe (weapon)
 E - a +0 battleaxe of distortion
Missiles
 x - 4 throwing nets (quivered)
Armour
 c - a +1 kite shield (worn)
 y - a +2 plate armour of poison resistance (worn)
 B - a +2 pair of boots of flying (worn)
 D - a +2 helmet (worn)
 G - a +2 pair of gloves (worn)
 I - a +3 chain mail of fire resistance
Jewellery
 g - a +6 ring of strength
 j - an uncursed ring of see invisible
 m - a ring of resist corrosion (left hand)
 H - the ring of Hocic (right hand) {rF++ EV+4 Int-2, =R}
   (You found it on level 10 of the Dungeon)

   [ring of evasion]

   It affects your evasion (+4).
   It affects your intelligence (-2).
   It greatly protects you from fire.
Wands
 b - a wand of iceblast (8) {@v2}
 l - a wand of polymorph (22)
 o - a wand of acid (19) {@v1}
 r - a wand of digging (5) {@v3}
Scrolls
 d - a scroll of identify {@r1}
 e - 8 scrolls of remove curse {@r2}
 h - 7 scrolls of fog
 q - 9 scrolls of teleportation {@r3}
 A - 2 scrolls of magic mapping {@r5}
 C - a scroll of enchant armour
 F - a scroll of fear
 J - 2 scrolls of blinking
Potions
 f - 3 potions of mutation
 i - 4 potions of flight
 k - 2 potions of ambrosia
 n - 12 potions of heal wounds {@q2}
 p - a potion of curing {@q1}
 s - a potion of invisibility
 t - 4 potions of haste {@q4}
 u - 6 potions of stabbing {@q5}
 v - 3 potions of lignification {@q7}
 w - 2 potions of brilliance
 z - a potion of cancellation
 K - 2 potions of degeneration {unknown}


   Skills:
 * Level 16.3 Fighting
 - Level 18.0 Axes
 + Level 14.3 Armour
 + Level 14.4 Shields
 + Level 14.7 Invocations


You had 16 spell levels left.
You didn't know any spells.
Your spell library was empty.

Dungeon Overview and Level Annotations

Branches:
Dungeon (15/15)            Temple (1/1) D:7            Lair (3/6) D:11
  Swamp (4/4) Lair:3       Spider (4/4) Lair:3          Orc (2/2) D:10
    Elf (0/3) Orc:2        Vaults (0/5) D:13         Depths (5/5) D:15
    Zot (0/5) Depths:5    Ossuary (visited)           IceCv (visited)

Altars:
Ashenzari
Cheibriados
Dithmenos
Elyvilon
Fedhas
Gozag
Hepliaklqana
Kikubaaqudgha
Makhleb
Nemelex Xobeh
Okawaru
Qazlal
Ru
Sif Muna
Trog
Uskayaw
Vehumet
Wu Jian
Xom
Yredelemnul
Zin
Jiyva

Shops:
Orc:2 [:([   Depths:2 =}=

Portals:
Hell: Depths:4 Depths:5

Annotations:
Spider:3 Roxanne
Spider:4 1 transporter, wtfv's ghost, adept DsAK
Depths:2 1 transporter


Innate Abilities, Weirdness & Mutations

You are resistant to damage.
You can heal yourself by infusing magical energy.
You resist negative energy. (rN+)
You passively map the area around you.
You do not regenerate.


Message History

Makhleb accepts your kill.
You slash the iron dragon! You miss the water nymph.
The water nymph changes into a death drake!
You hit the iron dragon but do no damage.
The iron dragon is moderately wounded.
You completely miss the death drake. You slash the iron dragon!
The iron dragon is moderately wounded.
You hit the death drake.
You hit the quicksilver dragon but do no damage.
You block the death drake's attack.
You block the quicksilver dragon's attack.
The quicksilver dragon claws you but does no damage.
You hit the iron dragon.
The iron dragon is moderately wounded.
You hit the death drake.
Your shield and plate armour prevent you from hitting the quicksilver dragon.
The death drake changes into a redback!
You block the quicksilver dragon's attack. x2
The iron dragon misses you.
The iron dragon claws you but does no damage.
The iron dragon tramples you!
You are shoved backwards!
You barely miss the iron dragon.
The iron dragon is moderately wounded.
You miss the redback. You hit the iron dragon.
The iron dragon is heavily wounded.
You hit the redback. The redback barely misses you.
The iron dragon bites you but does no damage.
You block the iron dragon's attack. The iron dragon tramples you.
You are shoved backwards!
You hit the iron dragon but do no damage.
The iron dragon is heavily wounded.
You hit the iron dragon but do no damage.
The iron dragon is heavily wounded.
You slash the redback! You slash the quicksilver dragon!
The redback changes into a shock serpent!
You block the iron dragon's attack.
The iron dragon claws you but does no damage.
The iron dragon tramples you!
You are shoved backwards!
You slash the iron dragon!
The iron dragon is severely wounded.
You slash the quicksilver dragon!
The quicksilver dragon bites you but does no damage.
The quicksilver dragon completely misses you.
The iron dragon completely misses you. You block the iron dragon's attack.
The iron dragon tramples you.
You hold your ground!
You hit the iron dragon.
The iron dragon is severely wounded.
You hit the shock serpent. You hit the quicksilver dragon.
You block the quicksilver dragon's attack.
The quicksilver dragon claws you.
The shock serpent bites you but does no damage.
You are too injured to fight recklessly!
You are too injured to fight recklessly!
You are too injured to fight recklessly!
You are too injured to fight recklessly!
You are too injured to fight recklessly!
You are too injured to fight recklessly!
You are too injured to fight recklessly!
You are too injured to fight recklessly!
You are too injured to fight recklessly!
You are too injured to fight recklessly!
You are too injured to fight recklessly!
You are too injured to fight recklessly!
You are too injured to fight recklessly!
You are too injured to fight recklessly!
You are too injured to fight recklessly!
You are too injured to fight recklessly!
You are too injured to fight recklessly!
You are too injured to fight recklessly!
You are too injured to fight recklessly!
You are too injured to fight recklessly!
You are too injured to fight recklessly!
You are too injured to fight recklessly!
You closely miss the shock serpent.
The shock serpent is moderately wounded.
You barely miss the quicksilver dragon. You hit the iron dragon.
You block the quicksilver dragon's attack. x2
The shock serpent bites you but does no damage.
The iron dragon breathes metal splinters at you.
The spray of metal splinters hits you.
You miss the shock serpent.
The shock serpent is moderately wounded.
You barely miss the quicksilver dragon.
You hit the iron dragon but do no damage.
You block the quicksilver dragon's attack.
The quicksilver dragon claws you but does no damage.
The shock serpent bites you but does no damage.
You hit the shock serpent.
The shock serpent is moderately wounded.
You hit the iron dragon. You slash the quicksilver dragon!
The quicksilver dragon breathes dispelling energy at you.
The bolt of dispelling energy hits you!!!
* * * LOW HITPOINT WARNING * * *
The shock serpent shoots out a bolt of lightning at you!
The bolt of electricity hits you!!
* * * LOW HITPOINT WARNING * * *
The bolt of electricity hits you.
You die...

....# , , * ....#
.............$#*
....#*............$(#
....# #............#
>...# #...........[#
....# #..........#*
....# #..........#
#...# #.....)S.#
#...# #.....)D@#
#...# ##.....D##
....# #......# ....#
##....## * ....#
#....# ..### ##..## ,
############..##### *
* #
#................., ,
*
###.########..######
, ,,,


You could see an iron dragon, a quicksilver dragon shaped shifter (catching
breath) and a shock serpent shaped shifter.

Vanquished Creatures
  A golden dragon (Depths:5)
  A bone dragon (Depths:5)
  Rupert (D:13)
  A lich (Depths:5)
  A titan (Depths:5)
  A shadow dragon (Depths:5)
  A storm dragon (Depths:5)
  Donald (Spider:4)
  A draconian knight (Depths:5)
  3 frost giants (Depths:4)
  Aizul (Swamp:1)
  An iron dragon (Depths:5)
  2 fire giants
  3 ghost moths (Spider:4)
  3 emperor scorpions (Spider:4)
  A very ugly thing (Swamp:3)
  A stone giant (Depths:4)
  2 vampire knights
  5 spark wasps
  A deep elf annihilator (Depths:4)
  A purple draconian (Depths:5)
  7 yellow draconians (Depths:5)
  5 ettins
  2 fire dragons
  5 great orbs of eyes
  2 yaktaur captains (Depths:5)
  A deep elf high priest (Depths:4)
  3 rakshasas (Depths:4)
  Harold (D:7)
  An ice dragon (Depths:4)
  10 hydras
  2 spriggan air magi
  2 centaur warriors
  An alligator (Swamp:2)
  A ghost crab (Swamp:3)
  An ogre mage (Depths:1)
  5 two-headed ogres
  3 deep troll shamans
  2 tengu warriors
  2 spriggan berserkers (Depths:4)
  Urug (Lair:3)
  2 deep troll earth magi
  A spriggan (Swamp:3)
  3 orc high priests (Orc:2)
  4 hell knights (Depths:4)
  2 spriggan druids (Swamp:4)
  5 deep trolls
  10 swamp dragons (Swamp:4)
  A death drake (shapeshifter) (Depths:4)
  A wizard (Depths:1)
  A deep elf mage (Depths:5)
  3 lindwurms (Swamp:4)
  7 orc knights
  22 wolf spiders
  11 orb spiders
  3 salamanders (Depths:1)
  2 orc sorcerers (Orc:2)
  A moth of wrath (Spider:4)
  A black mamba (Lair:3)
  2 torpor snails
  A gargoyle (D:15)
  A molten gargoyle (Depths:1)
  2 centaur skeletons (D:15)
  Maggie (D:9)
  5 cane toads
  3 komodo dragons
  14 yaktaurs
  A freezing wraith (D:12)
  9 demonic crawlers (Spider:4)
  2 tengu conjurers
  5 trolls
  Grinder (D:5)
  6 jumping spiders
  3 tyrant leeches
  6 hippogriffs
  9 hornets
  5 blink frogs (Lair:3)
  6 bog bodies
  6 slime creatures
  Sigmund (D:5)
  A shadow (D:12)
  27 redbacks
  2 vampires (D:12)
  A water elemental (Depths:5)
  12 tarantellas
  A wyvern (D:10)
  36 yaks
  16 humans (D:13)
  2 basilisks
  Eustachio (D:5)
  17 vampire mosquitoes
  4 swamp worms
  2 wargs (Orc:2)
  2 acid dragons
  2 water moccasins
  4 porcupines
  6 swamp drakes
  13 ogres
  24 orc warriors
  14 ice beasts
  5 sky beasts
  3 necrophages
  2 black bears (D:8)
  An eye of draining (D:15)
  2 phantoms
  5 wolves (Lair:1)
  7 centaurs
  2 crocodiles
  A big kobold (D:9)
  13 bullfrogs
  A scorpion (D:12)
  9 killer bees
  4 wights (D:8)
  An electric eel (Lair:3)
  4 howler monkeys
  4 centaur zombies
  A bullfrog zombie (D:10)
  7 hounds
  5 jellies
  A quasit (D:9)
  22 orc wizards
  17 orc priests
  4 bullfrog skeletons
  3 iguanas
  9 worker ants
  2 big kobold zombies (Ossuary)
  2 mummies (Ossuary)
  2 worker ant zombies
  4 gnolls (Orc:1)
  A howler monkey skeleton (D:6)
  8 adders
  4 white imps
  An ufetubus (D:5)
  An ooze (D:5)
  3 adder zombies (Ossuary)
  An adder skeleton (D:5)
  3 worms
  A dart slug (D:4)
  7 leopard geckos
  87 orcs
  3 giant cockroaches
  A gnoll zombie (Ossuary)
  3 goblins
  4 hobgoblins
  7 jackals
  3 quokkas
  3 ball pythons
  A bat (D:1)
  A frilled lizard (D:2)
  A giant cockroach zombie (D:6)
  A goblin zombie (D:4)
  A hobgoblin zombie (Ossuary)
  A jackal skeleton (D:4)
  9 kobolds
  9 kobold zombies (Ossuary)
  6 orc zombies (Ossuary)
  A quokka zombie (D:7)
  2 rats
  A rat zombie (D:4)
764 creatures vanquished.

Vanquished Creatures (collateral kills)
  A deep elf annihilator (Depths:5)
  A red draconian (Depths:5)
  The ghost of ma3 the Cleaver, a journeyman DDFi of Makhleb (D:12)
  A deep elf high priest (Depths:5)
  2 yaktaur captains (Depths:5)
  2 tengu warriors (Depths:5)
  A vampire mage (Depths:5)
  An orc sorcerer (Orc:2)
  An orb spider (Spider:3)
  A wolf spider (Spider:3)
  A deep elf mage (Depths:5)
  2 yaktaurs (Depths:5)
  A demonic crawler (Spider:4)
  A jumping spider (Spider:2)
  A bog body (Swamp:1)
  2 tarantellas
  3 redbacks (Spider:3)
23 creatures vanquished.

Vanquished Creatures (others)
  A demonic crawler (Spider:4)
  A hornet (Swamp:3)
  A spriggan (Swamp:3)
  An orc wizard (Orc:2)
  3 fungi (Lair:2)
  46 plants
53 creatures vanquished.

Grand Total: 840 creatures vanquished

Notes
Turn   | Place    | Note
-------+----------+-------------------------------------------
     0 | D:1      | EnegeticOcto the Deep Dwarf Fighter began the quest for the
                  | Orb.
     0 | D:1      | Reached XP level 1. HP: 20/20 MP: 1/1
   238 | D:2      | Reached XP level 2. HP: 25/27 MP: 2/2
   410 | D:3      | Reached skill level 3 in Axes
   499 | D:3      | Reached XP level 3. HP: 31/33 MP: 3/3
   599 | D:4      | Reached XP level 4. HP: 22/42 MP: 4/4
   809 | D:4      | Found a sand-covered staircase.
   824 | Ossuary  | Entered an ossuary
   895 | Ossuary  | Reached XP level 5. HP: 42/49 MP: 4/4
   915 | Ossuary  | Reached skill level 4 in Axes
  1091 | D:4      | Found an ornate altar of the Wu Jian Council.
  1395 | D:4      | Reached XP level 6. HP: 32/56 MP: 5/5
  1406 | D:4      | Reached skill level 5 in Axes
  1479 | D:5      | Entered Level 5 of the Dungeon
  1485 | D:5      | Noticed Eustachio
  1516 | D:5      | Killed Eustachio
  1516 | D:5      | Reached XP level 7. HP: 29/64 MP: 6/6
  1601 | D:5      | Reached skill level 5 in Shields
  1622 | D:5      | Reached skill level 5 in Armour
  1654 | D:5      | Reached skill level 6 in Axes
  1714 | D:5      | Noticed Grinder
  1719 | D:5      | Paralysed by Grinder for 2 turns
  1736 | D:5      | Paralysed by Grinder for 5 turns
  1773 | D:5      | Killed Grinder
  1773 | D:5      | Reached XP level 8. HP: 58/73 MP: 6/6
  1833 | D:5      | Noticed Sigmund
  1845 | D:5      | Killed Sigmund
  1845 | D:5      | Reached skill level 7 in Axes
  1945 | D:5      | Reached skill level 5 in Fighting
  2389 | D:5      | Found a sparkling altar of Nemelex Xobeh.
  2513 | D:6      | Reached skill level 8 in Axes
  2562 | D:6      | Found a stormy altar of Qazlal.
  2563 | D:6      | Found a shimmering blue altar of Sif Muna.
  2567 | D:6      | Found an ancient bone altar of Kikubaaqudgha.
  2656 | D:6      | Gained mutation: You passively map the area around you.
                  | [Deep Dwarf growth]
  2656 | D:6      | Reached XP level 9. HP: 53/81 MP: 6/6
  3106 | D:6      | Reached skill level 9 in Axes
  3366 | D:7      | Found a staircase to the Ecumenical Temple.
  3465 | D:7      | Noticed Harold
  3488 | D:7      | Killed Harold
  3839 | Temple   | Entered the Ecumenical Temple
  4084 | Temple   | Became a worshipper of Makhleb the Destroyer
  4333 | D:8      | Reached skill level 10 in Axes
  4333 | D:8      | Reached skill level 1 in Invocations
  4336 | D:8      | Identified a scroll of acquirement
  4336 | D:8      | Acquired a +1 vorpal broad axe
  4495 | D:8      | Reached XP level 10. HP: 65/92 MP: 7/7
  5281 | D:9      | Reached * piety under Makhleb
  5330 | D:9      | Noticed Maggie
  5338 | D:9      | Killed Maggie
  5513 | D:9      | Reached skill level 11 in Axes
  5537 | D:9      | Found a basalt altar of Yredelemnul.
  5537 | D:9      | Found a bloodstained altar of Trog.
  5542 | D:9      | Found a faded altar of an unknown god.
  5544 | D:9      | Found a sparkling altar of Nemelex Xobeh.
  5545 | D:9      | Found a sacrificial altar of Ru.
  6029 | D:10     | Entered Level 10 of the Dungeon
  6058 | D:10     | Got a bound granite ring
  6131 | D:10     | Reached ** piety under Makhleb
  6145 | D:10     | Identified the ring of Hocic {rF++ EV+4 Int-2} (You found
                  | it on level 10 of the Dungeon)
  6248 | D:10     | Found a staircase to the Orcish Mines.
  6257 | D:10     | Reached skill level 5 in Invocations
  6284 | D:10     | Reached XP level 11. HP: 67/100 MP: 6/6
  6766 | D:11     | Found a staircase to the Lair.
  7059 | D:11     | Reached skill level 12 in Axes
  7420 | D:12     | Reached *** piety under Makhleb
  7605 | D:12     | Found a viscous altar of Jiyva.
  7654 | D:12     | Found a large runed translucent door.
  7654 | D:12     | Found a large runed translucent door.
  7658 | D:12     | Noticed ma3's ghost (journeyman DDFi)
  7795 | D:12     | Killed ma3's ghost
  7859 | Lair:1   | Entered Level 1 of the Lair of Beasts
  7958 | Lair:1   | Found a frozen archway.
  8094 | IceCv    | Entered an ice cave
  8099 | IceCv    | Reached **** piety under Makhleb
  8103 | IceCv    | Reached XP level 12. HP: 111/111 MP: 8/8
  8215 | Lair:2   | Reached skill level 10 in Shields
  8219 | Lair:2   | Reached skill level 13 in Axes
  8335 | Lair:2   | Reached skill level 10 in Armour
  9301 | Lair:3   | Acquired a manual of Fighting
  9346 | Lair:3   | Noticed Urug
  9357 | Lair:3   | Killed Urug
  9402 | Lair:3   | Found a hole to the Spider Nest.
  9624 | Lair:3   | Found a staircase to the Swamp.
  9634 | Lair:3   | Reached ***** piety under Makhleb
  9913 | Orc:1    | Entered Level 1 of the Orcish Mines
 10026 | Orc:1    | Reached skill level 14 in Axes
 10314 | Orc:2    | Entered Level 2 of the Orcish Mines
 10314 | Orc:2    | Found a staircase to the Elven Halls.
 10429 | Orc:2    | Reached skill level 10 in Fighting
 10429 | Orc:2    | Reached XP level 13. HP: 98/123 MP: 10/10
 10603 | Orc:2    | Found Koge Uni's Antique Armour Shop.
 10603 | Orc:2    | Found Romairph's Antique Weapon Emporium.
 10605 | Orc:2    | Found Soacweli's Armour Emporium.
 10605 | Orc:2    | Found Sejamari's Book Shop.
 10617 | Orc:2    | Bought a pair of glowing gloves for 195 gold pieces
 10631 | Orc:2    | Bought a +2 pair of boots of flying for 322 gold pieces
 10631 | Orc:2    | Bought a +3 chain mail of fire resistance for 397 gold
                  | pieces
 10844 | D:13     | Found a gate to the Vaults.
 10844 | D:13     | Noticed Rupert
 10865 | D:13     | Reached ****** piety under Makhleb
 10866 | D:13     | Reached skill level 10 in Invocations
 10876 | D:13     | Killed Rupert
 10990 | D:15     | Entered Level 15 of the Dungeon
 11059 | D:15     | Found a staircase to the Depths.
 11059 | D:15     | Noticed a fire giant
 11071 | D:15     | Killed a fire giant
 11071 | D:15     | Reached skill level 15 in Axes
 11265 | Swamp:1  | Entered Level 1 of the Swamp
 11265 | Swamp:1  | Noticed Aizul
 11276 | Swamp:1  | Killed Aizul
 11363 | Swamp:2  | Gained mutation: You resist negative energy. (rN+) [Deep
                  | Dwarf growth]
 11363 | Swamp:2  | Reached XP level 14. HP: 85/138 MP: 8/10
 11413 | Swamp:3  | Noticed a purple very ugly thing
 11424 | Swamp:3  | Killed a purple very ugly thing
 11457 | Swamp:4  | Entered Level 4 of the Swamp
 11550 | Swamp:4  | Reached skill level 16 in Axes
 11592 | Swamp:4  | Got a decaying rune of Zot
 11726 | Spider:1 | Entered Level 1 of the Spider Nest
 11880 | Spider:3 | Noticed Roxanne
 11937 | Spider:3 | Reached XP level 15. HP: 123/151 MP: 11/11
 11995 | Spider:4 | Entered Level 4 of the Spider Nest
 12124 | Spider:4 | Noticed a ghost moth
 12144 | Spider:4 | Killed a ghost moth
 12266 | Spider:4 | Noticed Donald
 12298 | Spider:4 | Killed Donald
 12448 | Spider:4 | Noticed wtfv's ghost (adept DsAK)
 12450 | Spider:4 | Found a transporter.
 12450 | Spider:4 | Noticed a ghost moth
 12572 | Spider:4 | Noticed a ghost moth
 12595 | Spider:4 | Noticed a ghost moth
 12607 | Spider:4 | Reached skill level 17 in Axes
 12609 | Spider:4 | Killed a ghost moth
 12614 | Spider:4 | Killed a ghost moth
 12652 | Spider:4 | Got a gossamer rune of Zot
 13076 | Depths:1 | Entered Level 1 of the Depths
 13184 | Depths:1 | Reached XP level 16. HP: 97/160 MP: 12/12
 13198 | Depths:1 | Reached skill level 15 in Fighting
 13306 | Depths:2 | Found Elaatox's Jewellery Emporium.
 13306 | Depths:2 | Found Coetuozu's Gadget Shop.
 13307 | Depths:2 | Found Puruz's Jewellery Emporium.
 13323 | Depths:2 | Bought a wand of digging (5) for 396 gold pieces
 13341 | Depths:2 | Found a transporter.
 13378 | Depths:4 | Found a gateway to Hell.
 13423 | Depths:5 | Entered Level 5 of the Depths
 13467 | Depths:5 | Noticed a titan
 13486 | Depths:5 | Killed a titan
 13846 | Depths:5 | Reached skill level 18 in Axes
 14091 | Depths:5 | Found a gate to the Realm of Zot.
 14091 | Depths:5 | Noticed a shadow dragon
 14091 | Depths:5 | Noticed a storm dragon
 14091 | Depths:5 | Noticed a bone dragon
 14091 | Depths:5 | Noticed a golden dragon
 14114 | Depths:5 | Killed a golden dragon
 14117 | Depths:5 | Killed a bone dragon
 14141 | Depths:5 | Killed a storm dragon
 14164 | Depths:5 | Killed a shadow dragon
 14247 | Depths:5 | Reached XP level 17. HP: 138/172 MP: 6/6
 14367 | Depths:5 | Noticed a lich
 14379 | Depths:5 | Killed a lich
 14409 | Depths:5 | Noticed a caustic shrike
 14409 | Depths:5 | Noticed a caustic shrike
 14410 | Depths:5 | Noticed a caustic shrike
 14411 | Depths:5 | Noticed a caustic shrike
 14891 | Depths:4 | Noticed a quicksilver dragon
 14891 | Depths:4 | an iron troll changed into a quicksilver dragon
 14904 | Depths:4 | HP: 2/174 [shock serpent (glowing shapeshifter)/bolt of
                  | electricity (24)]
 14904 | Depths:4 | Killed from afar by a shock serpent (glowing shapeshifter)

Illustrated notes

Levels and vault maps discovered:
D:1:      dpeg_arrival_solitude, layout_loops_ring, minivault_25
D:2:      layout_rooms, lemuel_coloured_pillars_altar,
          chequers_ecumenical_altar_simple_redux, minivault_23
D:3:      layout_loops_ring, serial_rivers, chequers_serial_rivers_micro_d,
          chequers_serial_rivers_marsh, chequers_serial_rivers_small_3,
          chequers_serial_rivers_micro_c, chequers_serial_rivers_room_a,
          minmay_three_crescents, uniq_crazy_yiuf_cottage
D:4:      layout_loops_ring, enter_ossuary_4, lemuel_tele_altar
D:5:      kennysheep_spiral_hall, layout_cave_pods, nemelex_dance_club_becter,
          uniq_eustachio, uniq_sigmund, uniq_grinder
D:6:      layout_basic, minitemple
D:7:      layout_loops_ring, temple_doors_cd, st_stairs_13, uniq_harold
D:8:      layout_loops_corners
D:9:      layout_loops_ring, chequers_temple_overflow_minitemple, hive_lemuel,
          uniq_maggie
D:10:     layout_loops_cross, minmay_misc_feat_chi
D:11:     layout_irregular_city, lair_entry_dummy, grunt_decor_mini_mirrors
D:12:     layout_cave_pools, ebering_ghost_disaster_area,
          minmay_strange_pillars, jiyva_altar_1
D:13:     layout_basic, david_vaults_3,
          hangedman_abyss_or_decor_jellyfish_corner, drop_trap, uniq_kirke
D:14:     layout_roguey, grunt_decor_one_mirror
D:15:     grunt_enter_depths_giant_problem, layout_loops_cross,
          roderic_lattice_a, tgw_lugonu_bribe, uniq_nessos
Temple:   minmay_temple_curvy_branch
Lair:1:   layout_chaotic_city, portal_ice_cave_entry_pillars_2, roderic_batcave,
          serial_bayou_lagoon_a, grunt_megastairs_4
Lair:2:   layout_regular_city
Lair:3:   layout_cave_pods, nicolae_swamp_entry_splash_gauntlet,
          nicolae_spider_entry_orb_guardian, lemuel_fruit_tree,
          grunt_megastairs_3, uniq_urug
Swamp:1:  layout_basic_swamp, evilmike_swamp_ruin_house_5, swamp_pool1,
          hangedman_swamp_muck, uniq_aizul
Swamp:2:  layout_basic_swamp, hangedman_swamp_blocks
Swamp:3:  layout_basic_swamp, hangedman_swamp_ruin_hall, swamp_pool3, uniq_mara
Swamp:4:  swamp_alternative, layout_basic_swamp
Spider:1: layout_spider_delve, worms_lemuel
Spider:2: layout_spider_delve
Spider:3: layout_spider_delve, uniq_roxanne
Spider:4: guppyfry_spider_rune, gammafunk_ghost_arena, uniq_donald
Orc:1:    layout_caves, lightli_orcish_oven
Orc:2:    grunt_orc_tribal_feast, layout_caves
Depths:1: layout_basic, grunt_hell_entry_dis_mu, serial_bayou,
          serial_bayou_lagoon_b, serial_bayou_shore_b, serial_bayou_pond_e,
          serial_bayou_shore_a, horrible_house_mu
Depths:2: minmay_expanding_circles, layout_cave_shapes, rand_demon_pan_entry_4,
          hell_entry, gammafunk_ghost_berserking_beasts,
          kennysheep_big_empty_room, minmay_shop_grove
Depths:3: grunt_profane_halls [grunt_profane_temple_coc,
          grunt_profane_temple_dis, grunt_profane_temple_geh,
          grunt_profane_temple_tar, grunt_profane_loot], pan_entry, hell_entry,
          serial_shops, uniq_xtahua
Depths:4: evilmike_hourglass, layout_cave_shapes, abyss_entry, hell_entry,
          minmay_stone_trees_large
Depths:5: grunt_twist_and_shout, layout_cave_shapes, hell_entry,
          minmay_misc_feat_columns, kennysheep_random_hallway

Skill      XL: |  1  2  3  4  5  6  7  8  9 10 11 12 13 14 15 16 17 |
---------------+----------------------------------------------------+-----
Axes           | 3 4 5 6 8 10 11 12 14 15 16 17 18 | 18.0
Fighting       | 3 4 5 6 7 8 10 12 14 15 16 | 16.3
Armour         | 4 5 6 7 8 9 10 11 12 13 14 | 14.3
Shields        | 4 5 6 7 8 9 10 11 12 13 14 | 14.4
Invocations    | 1 5 7 9 10 11 13 14 | 14.7

Action                   |  1- 3 |  4- 6 |  7- 9 | 10-12 | 13-15 | 16-18 || total
-------------------------+-------+-------+-------+-------+-------+-------++-------
Melee: War axe           |   100 |   203 |   244 |       |       |       ||   547
       Broad axe         |       |       |     7 |   858 |   771 |   465 ||  2101
Invok: Lesser Servant of |       |       |       |     1 |    13 |     3 ||    17
       Greater Servant o |       |       |       |       |     2 |     5 ||     7
 Abil: Heal Wounds       |     1 |     4 |    13 |    12 |    21 |    36 ||    87
Evoke: Wand              |       |       |       |       |     8 |       ||     8
  Use: Scroll            |       |       |    14 |    12 |    14 |     2 ||    42
       Potion            |       |       |       |       |     6 |     3 ||     9
 Stab: Distracted        |       |       |       |     3 |     3 |     1 ||     7
       Invisible         |       |       |       |       |    30 |       ||    30
       Confused          |       |       |       |       |     1 |       ||     1
Armor: Scale mail        |    36 |    72 |    39 |       |       |       ||   147
       Plate armour      |       |       |    46 |   458 |   713 |   239 ||  1456
Dodge: Dodged            |    35 |    48 |    54 |   299 |   498 |   148 ||  1082
Block: Kite shield       |    58 |    97 |   139 |   681 |   816 |   303 ||  2094

Table legend: (Time is in decaauts)
 A = Elapsed time spent in this place.
 B = Non-inter-level travel time spent in this place.
 C = Inter-level travel time spent in this place.
 D = Time resting spent in this place.
 E = Time spent auto-exploring this place.
 F = Levels seen in this place.
 G = Mean time per level.
                   A        B        C        D        E       F      G
               +--------+--------+--------+--------+--------+-----+--------+
         Total |  14812 |  13217 |   1595 |    145 |   8726 |  36 |  411.4 |
       Dungeon |   8100 |   7375 |    725 |      0 |   5428 |  15 |  540.0 |
        Temple |    267 |    225 |     42 |      0 |    223 |   1 |  267.0 |
          Lair |   2170 |   1772 |    398 |      0 |   1385 |   3 |  723.3 |
         Swamp |    378 |    280 |     98 |      0 |     40 |   4 |   94.5 |
   Spider Nest |   1102 |    895 |    207 |      0 |    405 |   4 |  275.5 |
  Orcish Mines |    878 |    821 |     57 |     24 |    416 |   2 |  439.0 |
        Depths |   1654 |   1588 |     66 |    121 |    758 |   5 |  330.8 |
       Ossuary |    201 |    201 |      0 |      0 |     71 |   1 |  201.0 |
      Ice Cave |     60 |     60 |      0 |      0 |      0 |   1 |   60.0 |
               +--------+--------+--------+--------+--------+-----+--------+

Top non-repeatable levels by time:
  Lair:3: 1024 daAuts
     D:5: 982 daAuts
Depths:5: 929 daAuts
    D:11: 875 daAuts
     D:9: 875 daAuts
     D:8: 849 daAuts
     D:6: 832 daAuts
     D:7: 805 daAuts
     D:4: 796 daAuts
Spider:4: 782 daAuts
  Lair:2: 766 daAuts
    D:12: 569 daAuts
    D:10: 553 daAuts
Depths:4: 477 daAuts
   Orc:2: 467 daAuts
